 Dungeon Crawl Stone Soup version 0.15.0-12-gccce430 (webtiles) character file.

474 Charly the Firebug (level 6, -6/40 HPs)
             Began as a Draconian Fire Elementalist on Sept 1, 2014.
             Mangled by an ogre
             ... wielding a +0 giant spiked club
              (33 damage)
             ... on Level 4 of the Dungeon.
             The game lasted 00:14:11 (3141 turns).

Charly the Firebug (Draconian Fire Elementalist)    Turns: 3141, Time: 00:14:11

HP  -6/40        AC  6     Str 10      XL: 6   Next: 84%
MP   0/19        EV 12     Int 18      God:
Gold 143         SH  0     Dex 11      Spells:  3 memorised,  1 level left

rFire  . . .     SeeInvis .     (no weapon)
rCold  . . .     Clarity  .     (armour unavailable)
rNeg   . . .     rCorr    .     (no shield)
rPois  .         rRot     .     (helmet restricted)
rElec  .         Spirit   .     (no cloak)
SustAb .         Warding  .     (no gloves)
rMut   .         Stasis   .     (no boots)
Gourm  .                        (no amulet)
MR     .....                    t - ring of invisibility
                                k - ring of magical power

@: very slightly contaminated, not resistant to hostile enchantments, very
unstealthy
A: unfitting armour, hooves 1, blink 1, breathe flames 1, deformed body, frail
1, regeneration 1, cold-blooded, AC +6
a: Blink, Breathe Fire, Evoke Invisibility


You were on level 4 of the Dungeon.
You were hungry.

You visited 1 branch of the dungeon, and saw 4 of its levels.

You collected 143 gold pieces.

Inventory:

Missiles
 j - 23 poisoned needles
Magical devices
 a - a wand of hasting (3)
Comestibles
 c - 2 bread rations
 g - a slice of pizza
 m - a royal jelly
 n - 12 fruits
Scrolls
 h - a scroll of teleportation
 p - a scroll of recharging
Jewellery
 k - a ring of magical power (left hand)
 t - a ring of invisibility (right hand)
Potions
 d - 2 potions of might
 e - a potion of lignification
 f - 2 potions of heal wounds
 i - a potion of curing
 l - a potion of poison {unknown}
Books
 b - a book of Flames

   Spells                             Type                      Level
   *Flame Tongue                      Conjuration/Fire             1
   Throw Flame                        Conjuration/Fire             2
   *Conjure Flame                     Conjuration/Fire             3
   Inner Flame                        Hexes/Fire                   3
   *Sticky Flame                      Conjuration/Fire             4
   Fireball                           Conjuration/Fire             5


   Skills:
 - Level 1.7 Dodging
 - Level 1.7 Stealth
 - Level 2.0 Spellcasting
 + Level 5.1 Conjurations
 + Level 5.9 Fire Magic


You had one spell level left.
You knew the following spells:

 Your Spells              Type           Power        Failure   Level  Hunger
c - Conjure Flame         Conj/Fire      ###.....     6%          3    ####...
f - Flame Tongue          Conj/Fire      ###..        1%          1    #......
s - Sticky Flame          Conj/Fire      ###.....     21%         4    #####..


Dungeon Overview and Level Annotations

Branches:
Dungeon (4/15)
 Temple: D:4-7

Altars:


Innate Abilities, Weirdness & Mutations

Your plain brown scales are hard (AC +6).
Your body does not fit into most forms of armour.
Your cold-blooded metabolism reacts poorly to cold.
You have large cloven feet.
You can translocate small distances at will.
You can breathe flames.
Your body is misshapen.
You are frail (-10% HP).
Your natural rate of healing is unusually fast.


Message History

The jackal bites you but does no damage.
The rat barely misses you.
The jackal bites you but does no damage.
A jackal comes into view.
You hit the rat.
You kill the rat!
The jackal bites you but does no damage.
You see here a spear.
You hit the jackal. Your kick misses the jackal. You tail-slap the jackal.
You kill the jackal!
Casting: Flame Tongue
Confirm with . or Enter, or press ? or * to list all spells.
Aiming: Flame Tongue
Press: ? - help, Shift-Dir - straight line, f - ogre
Aim: an ogre, wielding a giant spiked club The flame tongue hits the ogre.
The ogre is lightly wounded.
The ogre hits you with a giant spiked club!!
Ouch! That really hurt!
You die...

#.. #........##..... ...
###).............. #.#
##...h........##... .
#.# #..#........####...
## . ##)# #.##........#
#### ..###. #..#
#.##........# #.....
#(#####.###.##.####
.....####.#....%###.##.#
#.........###.@Oh.##.#
#........###..######.#
#.......####.#######.#
#.=..##...............
#....######.#####..#
#....# #%# ###### #.#
.................
.#?###.........


You could see an ogre and a jackal.

Vanquished Creatures
  The ghost of katrin the Protected, an experienced MiFi (D:4)
  A worker ant (D:4)
  Terence (D:2)
  3 gnolls (D:4)
  3 adders
  2 worms (D:2)
  An adder skeleton (D:4)
  4 giant geckos
  6 orcs (D:3)
  6 goblins
  7 hobgoblins
  8 jackals (D:4)
  A kobold (D:3)
  11 bats
  A giant cockroach (D:2)
  2 giant newts
  2 quokkas (D:3)
  7 rats
67 creatures vanquished.

Notes
Turn   | Place    | Note
--------------------------------------------------------------
     0 | D:1      | Charly, the Draconian Fire Elementalist, began the quest for the Orb.
     0 | D:1      | Reached XP level 1. HP: 14/14 MP: 3/3
   290 | D:1      | Reached XP level 2. HP: 20/20 MP: 2/4
   920 | D:2      | Reached XP level 3. HP: 20/26 MP: 1/6
   925 | D:2      | Learned a level 3 spell: Conjure Flame
  1368 | D:2      | Noticed Terence
  1382 | D:2      | Killed Terence
  1757 | D:2      | Gained mutation: You can breathe flames. [potion of mutation]
  1757 | D:2      | Gained mutation: Your body is misshapen. [potion of mutation]
  1757 | D:2      | Gained mutation: You are frail (-10% HP). [potion of mutation]
  1758 | D:2      | Gained mutation: You can translocate small distances at will. [potion of mutation]
  1758 | D:2      | Gained mutation: You have large cloven feet. [potion of mutation]
  1758 | D:2      | Gained mutation: Your natural rate of healing is unusually fast. [potion of mutation]
  1820 | D:3      | Reached skill level 4 in Fire Magic
  1856 | D:3      | Reached XP level 4. HP: 29/29 MP: 2/7
  2808 | D:4      | Noticed an ogre
  2814 | D:4      | Reached XP level 5. HP: 23/34 MP: 6/9
  2840 | D:4      | Noticed katrin's ghost (experienced MiFi)
  2852 | D:4      | Learned a level 4 spell: Sticky Flame
  3067 | D:4      | Killed katrin's ghost
  3067 | D:4      | Reached skill level 5 in Conjurations
  3067 | D:4      | Reached skill level 5 in Fire Magic
  3067 | D:4      | Reached XP level 6. HP: 30/40 MP: 0/10
  3141 | D:4      | Mangled by an ogre

Action                   |  1- 3 |  4- 6 || total
-------------------------+-------+-------++-------
Melee: Unarmed           |    15 |    14 ||    29
 Cast: Flame Tongue      |    54 |    93 ||   147
       Conjure Flame     |       |     5 ||     5
Evoke: Wand              |     1 |     2 ||     3
  Use: Scroll            |     8 |     6 ||    14
       Potion            |     2 |     1 ||     3
  Eat: Chunk             |     4 |     4 ||     8
       Beef jerky        |       |     1 ||     1
